 Dungeon Crawl Stone Soup version 0.31-a0-344-gd109795599 (webtiles) character file.

Game seed: 9886099641378048084

525 shakesphere1979 the Covert (level 7, -1/36 HPs)
             Began as a Spriggan Brigand on July 22, 2023.
             Slain by a sleepcap (20 damage)
             ... on level 5 of the Dungeon.
             The game lasted 00:20:52 (4160 turns).

shakesphere1979 the Covert (Spriggan Brigand)       Turns: 4160, Time: 00:20:53

Health: -1/36      AC:  4    Str: 13    XL:     7   Next: 2%
Magic:  8/8        EV:  4    Int: 13    God:
Gold:   316        SH:  0    Dex: 18    Spells: 6/6 levels left

rFire   . . .        a - +3 dagger
rCold   . . .        (no shield)
rNeg    . . .        b - +0 robe
rPois   .            (helmet restricted)
rElec   .            c - +1 cloak
rCorr   .            (gloves unavailable)
SInv    +            (boots unavailable)
Will    +....        (no amulet)
Stlth   ++++         k - +6 ring of strength
HPRegen 0.26/turn    r - ring of see invisible
MPRegen 0.11/turn

%: no passive effects
@: sleeping, very quick
A: very small, no large weapons, unfitting armour, see invisible, speed 3
a: no special abilities


You were on level 5 of the Dungeon.
You visited 1 branch of the dungeon, and saw 5 of its levels.
You also visited: Sewer.

You collected 316 gold pieces.

Inventory:

Hand Weapons
 a - a +3 dagger (weapon)
 l - a +1 dagger of pain
Missiles
 d - 21 poisoned darts (quivered)
 e - 3 curare-tipped darts
 f - 48 stones
 t - 5 atropa-tipped darts
 v - a throwing net
Armour
 b - a +0 robe (worn)
 c - a +1 cloak (worn)
Magical Staves
 o - a staff of conjuration
Jewellery
 h - a ring of flight
 k - a +6 ring of strength (left hand)
 r - a ring of see invisible (right hand)
 u - a ring of magical power
Scrolls
 i - 2 scrolls of identify
 j - a scroll of teleportation
 m - a scroll of amnesia {unknown}
 n - a scroll of fog
 q - 2 scrolls of enchant weapon
Potions
 g - 2 potions of mutation
 p - a potion of lignification {unknown}
 s - a potion of magic {unknown}
 w - a potion of heal wounds {unknown}
 x - a potion of curing {unknown}
 z - a potion of invisibility {unknown}
 A - a potion of haste {unknown}
 B - a potion of resistance {unknown}
 C - a potion of might {unknown}
 D - 3 potions of brilliance
 E - a potion of ambrosia {unknown}


   Skills:
 + Level 3.1 Fighting
 - Level 2.1 Short Blades
 + Level 3.5 Throwing
 + Level 5.2 Dodging
 - Level 9.0 Stealth


You had 6 spell levels left.
You didn't know any spells.
Your spell library contained the following spells:

 Spells                   Type           Power      Damage    Failure   Level
 Apportation              Tloc           0%         N/A       30%         1
 Inner Flame              Hex/Fire       0%         N/A       67%         3
 Alistair's Intoxication  Tmut/Pois      0%         N/A       100%        5
 Yara's Violent Unravell  Hex/Tmut       0%         3d3       100%        5
 Enfeeble                 Hex            0%         N/A       100%        7


Dungeon Overview and Level Annotations

Branches:
Dungeon (5/15)              Sewer (visited)
 Temple: D:4-7

Altars:
Uskayaw
Xom

Shops:
D:4 =::=


Innate Abilities, Weirdness & Mutations

You are very small and have problems with some larger weapons.
You are too small for most types of armour.
You have supernaturally acute eyesight. (SInv)
You cover ground extremely quickly. (Speed+++)


Message History

The sleepcap is moderately damaged.
The sleepcap closely misses you.
You hit the sleepcap but do no damage.
The sleepcap is moderately damaged.
The sleepcap releases spores at you.
You are engulfed in a cloud of soporific spores!
You fall asleep.
The sleepcap barely misses you. The sleepcap releases spores at you.
You wake up.
You hit the sleepcap but do no damage.
The sleepcap is moderately damaged.
The sleepcap completely misses you.
You hit the sleepcap.
The sleepcap is heavily damaged.
You hit the sleepcap but do no damage.
The sleepcap is heavily damaged.
The sleepcap completely misses you.
You hit the sleepcap.
The sleepcap is severely damaged.
The sleepcap releases spores at you.
You hit the sleepcap but do no damage.
The sleepcap is heavily damaged.
The sleepcap closely misses you.
You hit the sleepcap.
The sleepcap is severely damaged.
The sleepcap completely misses you.
You hit the sleepcap.
The sleepcap is severely damaged.
The sleepcap releases spores at you.
You hit the sleepcap but do no damage.
The sleepcap is severely damaged.
The sleepcap completely misses you.
You hit the sleepcap.
The sleepcap is severely damaged.
The sleepcap releases spores at you.
You are engulfed in a cloud of soporific spores!
You fall asleep.
The sleepcap releases spores at you!!
Ouch! That really hurt!
You die...

#.#.# #. #..###.
#.# # ...# . #.#
#.... #.# ##....
#.# # ....##
###.###.#####
.#)..
..#.....#......
.......:..##
.........@..#
.........f..#
..............#
...........$#.#
............#...
..........#. ...
..#:.......# ##
#####.###...


You could see a sleepcap.

Vanquished Creatures
  An ogre (D:5)
  2 scorpions (D:4)
  3 hounds
  An iguana (D:5)
  2 orc wizards
  5 adders
  A river rat (D:3)
  A worm (D:4)
  2 dart slugs
  8 orcs
  12 endoplasms
  5 giant cockroaches
  7 goblins
  6 hobgoblins
  5 jackals
  4 quokkas
  9 ball pythons
  6 bats
  3 frilled lizards
  9 kobolds
  5 rats
97 creatures vanquished.

Notes
Turn   | Place    | Note
-------+----------+-------------------------------------------
     0 | D:1      | shakesphere1979 the Spriggan Brigand began the quest for
                  | the Orb.
     0 | D:1      | Reached XP level 1. HP: 10/10 MP: 2/2
    72 | D:1      | Reached skill level 6 in Stealth
   218 | D:1      | Reached XP level 2. HP: 14/14 MP: 3/3
  1203 | D:2      | Reached skill level 7 in Stealth
  1345 | D:2      | Reached XP level 3. HP: 18/18 MP: 4/4
  1756 | D:3      | Found a faded altar of an unknown god.
  1758 | D:3      | Noticed a shining eye
  1758 | D:3      | Noticed a floating eye
  1759 | D:3      | Noticed a floating eye
  1759 | D:3      | Noticed a shining eye
  1787 | D:3      | Reached skill level 8 in Stealth
  2015 | D:3      | Reached XP level 4. HP: 23/23 MP: 5/5
  2128 | D:3      | Found a glowing drain.
  2132 | Sewer    | Entered a sewer
  2987 | D:4      | Found a shimmering altar of Xom.
  2990 | D:4      | Noticed a scorpion
  3002 | D:4      | Killed a scorpion
  3003 | D:4      | Reached skill level 9 in Stealth
  3003 | D:4      | Reached XP level 5. HP: 6/26 MP: 6/6
  3100 | D:4      | Found a hide-covered altar of Uskayaw.
  3172 | D:4      | Found Efoahirra's Book Shop.
  3416 | D:4      | Found Nehaxok's Jewellery Boutique.
  3429 | D:4      | Reached XP level 6. HP: 32/32 MP: 7/7
  3515 | D:4      | Found Rysagiopa's Book Shop.
  3677 | D:4      | Found Daromot's Jewellery Emporium.
  3854 | D:5      | Entered Level 5 of the Dungeon
  3918 | D:5      | Reached skill level 5 in Dodging
  4023 | D:5      | Reached XP level 7. HP: 23/36 MP: 8/8
  4160 | D:5      | Slain by a sleepcap

Illustrated notes

Levels and vault maps discovered:
D:1:      lightli_arrival_quake, layout_basic, chequers_decorated_corner,
          corner_web_ring, hangedman_decor_points, minivault_11,
          minmay_strange_pillars
D:2:      layout_loops_ring
D:3:      layout_loops_cross, gup_sewer_entry_bowl,
          hellmonk_ecumenical_altar_watching_god, minmay_vboxes
D:4:      minmay_angry_zag, layout_gridville, lemuel_doored_altar,
          nicolae_uskayaw_murder_on_the_dancefloor, serial_shops, shop, shop,
          nicolae_shop_back_alley_shop,
          nicolae_shop_temple_entry_statues_fountains, st_stairs_14
D:5:      layout_rooms, minmay_temple_entry_tees, uniq_blork_the_orc

Skill      XL: |  1  2  3  4  5  6 |
---------------+-------------------+-----
Stealth        | 6 7 8 9 |  9.0
Fighting       | 2 3 |  3.1
Dodging        | 3 5 |  5.2
Throwing       | 3 |  3.5
Short Blades   | |  2.1

Action                     |  1- 3 |  4- 6 |  7- 9 || total
---------------------------+-------+-------+-------++-------
  Melee: Dagger            |    94 |   185 |    19 ||   298
         Punch             |       |     1 |       ||     1
  Throw: Dart              |    11 |    30 |       ||    41
    Use: Scroll            |       |     9 |     1 ||    10
   Stab: Sleeping          |    19 |    15 |       ||    34
         Distracted        |       |     1 |       ||     1
 Armour: Robe              |    11 |    19 |       ||    30
  Dodge: Dodged            |    52 |   112 |    14 ||   178

Table legend: (Time is in decaauts)
 A = Elapsed time spent in this place.
 B = Non-inter-level travel time spent in this place.
 C = Inter-level travel time spent in this place.
 D = Time resting spent in this place.
 E = Time spent auto-exploring this place.
 F = Levels seen in this place.
 G = Mean time per level.
                   A        B        C        D        E       F      G
               +--------+--------+--------+--------+--------+-----+--------+
         Total |   2859 |   2767 |     92 |      0 |   1780 |   6 |  476.5 |
       Dungeon |   2764 |   2672 |     92 |      0 |   1763 |   5 |  552.8 |
         Sewer |     94 |     94 |      0 |      0 |     17 |   1 |   94.0 |
               +--------+--------+--------+--------+--------+-----+--------+

Top non-repeatable levels by time:
     D:4: 824 daAuts
     D:3: 724 daAuts
     D:1: 565 daAuts
     D:2: 488 daAuts
     D:5: 162 daAuts
   Sewer: 94 daAuts
